 Dungeon Crawl Stone Soup version 0.18.1-8-gdd0e5ea (webtiles) character file.

65 Jersh the Skirmisher (level 4, -2/38 HPs)
             Began as a Formicid Abyssal Knight on June 10, 2016.
             Was a Believer of Lugonu.
             Slain by Sagrath01's ghost (9 damage)
             ... on level 3 of the Dungeon.
             The game lasted 00:08:12 (812 turns).

Jersh the Skirmisher (Formicid Abyssal Knight)       Turns: 812, Time: 00:08:12

Health: -2/38      AC:  7    Str: 17    XL:     4   Next: 34%
Magic:  5/5        EV:  9    Int: 12    God:    Lugonu [**....]
Gold:   57         SH:  0    Dex: 10    Spells: 0 memorised, 3 levels left

rFire  . . .     SeeInvis +     a - +1 falchion
rCold  . . .     Gourm    .     d - +0 scale mail
rNeg   . . .     Faith    .     (no shield)
rPois  .         Spirit   .     (helmet unavailable)
rElec  .         Dismiss  .     (no cloak)
rCorr  .         Reflect  .     j - +0 pair of gloves
SustAt .         Harm     .     (no boots)
MR     .....                    (no amulet)
Stlth  ..........               (no ring)
                                (no ring)

@: not resistant to hostile enchantments, extremely unstealthy
A: permanent stasis, dig shafts and tunnels, four strong arms, antennae 3
a: Dig, Shaft Self, Depart the Abyss, Bend Space, Renounce Religion


You were on level 3 of the Dungeon.
You worshipped Lugonu.
Lugonu was pleased with you.
You were not hungry.

You visited 1 branch of the dungeon, and saw 3 of its levels.
You visited the Abyss 1 time.

You collected 57 gold pieces.

Inventory:

Hand Weapons
 a - a +1 falchion (weapon)
Armour
 b - a +0 leather armour
 d - a +0 scale mail (worn)
 j - a +0 pair of gloves (worn)
 k - a +0 ring mail
Jewellery
 e - an uncursed amulet of faith {unknown}
 f - a +4 ring of dexterity {unknown}
 h - an uncursed ring of protection from fire {unknown}
Scrolls
 m - a scroll of enchant armour {unknown}
 n - a scroll of immolation {unknown}
Potions
 g - a potion of flight
Books
 l - a book of Changes

   Spells                             Type                      Level
   a - Beastly Appendage              Transmutation                1
   b - Sticks to Snakes               Transmutation                2
   c - Spider Form                    Transmutation/Poison         3
   d - Ice Form                       Ice/Transmutation            4
   e - Blade Hands                    Transmutation                5
Comestibles
 c - a bread ration
 i - a meat ration


   Skills:
 + Level 4.3 Fighting
 + Level 2.5 Long Blades
 + Level 2.6 Armour
 + Level 1.3 Dodging
 + Level 0.3 Stealth
 + Level 2.3 Invocations


You had 3 spell levels left.
You didn't know any spells.

Dungeon Overview and Level Annotations

Branches:
Dungeon (3/15)

Altars:

Annotations:
D:3 Sagrath01's ghost, amateur GrGl


Innate Abilities, Weirdness & Mutations

You are under a permanent stasis effect.
You can dig through walls and to a lower floor.
Your four strong arms can wield two-handed weapons with a shield.
You have a pair of large antennae on your head (SInv).


Message History

You now have 57 gold pieces (gained 13).
You feel sick.
You are no longer poisoned.
Found a large gilded ring.
The orc throws a stone.
The stone hits you but does no damage.
You see here a stone.
The orc throws a stone.
The stone barely misses you.
You see here a stone.
A dart slug comes into view.
You barely miss Sagrath01's ghost. Sagrath01's ghost hits you.
You hit Sagrath01's ghost.
Sagrath01's ghost is lightly damaged.
Sagrath01's ghost hits you!
* * * LOW HITPOINT WARNING * * *
The orc throws a stone.
The stone barely misses you.
You see here a stone.
You hit the dart slug.
The dart slug is lightly wounded.
Sagrath01's ghost hits you!
You die...

#.##..#### ### { #..#.o...# #.#
.........# ##.## .# .........#
#.#.#{###### .#
.........###.#.###....#####.#
............................#
..#.......o.................####
.)....##....o...................
..............oW@w......)..######
..†........................'.....
.....>..†.....#######......######
.....().####### #......#
#.......# ######## #....[..#
#####...# #####


You could see Sagrath01's ghost, a dart slug and 3 orcs.

Vanquished Creatures
  3 adders
  3 worms (D:2)
  A dart slug (D:2)
  An orc (D:3)
  2 giant cockroaches (D:2)
  4 goblins
  4 hobgoblins
  3 kobolds
  6 rats
27 creatures vanquished.

Notes
Turn   | Place    | Note
--------------------------------------------------------------
     0 | Abyss:1  | Jersh the Formicid Abyssal Knight began the quest for the Orb.
     0 | Abyss:1  | Reached XP level 1. HP: 18/18 MP: 2/2
     6 | Abyss:1  | Found a corrupted altar of Lugonu.
    27 | D:1      | Escaped the Abyss
   193 | D:1      | Reached skill level 1 in Dodging
   193 | D:1      | Reached XP level 2. HP: 17/24 MP: 3/3
   383 | D:2      | Reached XP level 3. HP: 28/30 MP: 4/4
   550 | D:2      | Reached ** piety under Lugonu
   550 | D:2      | Reached skill level 4 in Fighting
   699 | D:3      | Reached XP level 4. HP: 32/37 MP: 5/5
   779 | D:3      | Noticed Sagrath01's ghost (amateur GrGl)
   812 | D:3      | Slain by Sagrath01's ghost

Skill      XL: |  1  2  3 |
---------------+----------+-----
Dodging        | 1 |  1.3
Fighting       | 4 |  4.3
Long Blades    | |  2.5
Armour         | |  2.6
Stealth        | |  0.3
Invocations    | |  2.3

Action                   |  1- 3 |  4- 6 || total
-------------------------+-------+-------++-------
Melee: Falchion          |   107 |    23 ||   130
  Use: Scroll            |     1 |       ||     1
       Potion            |     5 |       ||     5
Armor: Leather armour    |     3 |       ||     3
       Scale mail        |    38 |    14 ||    52
Dodge: Dodged            |    46 |    13 ||    59
